 Dungeon Crawl Stone Soup version 0.30-a0-782-ge64f9170bb (webtiles) character file.

Game seed: 16353145432142140435

1936289 Flugslaktarn the Minotaur Barricade (level 22, 226/226 HPs)
             Began as a Minotaur Fighter on Feb 18, 2023.
             Was an Initiate of Gozag.
             Escaped with the Orb
             ... and 3 runes!
             The game lasted 00:29:59 (44546 turns).

Flugslaktarn the Minotaur Barricade (MiFi)         Turns: 44546, Time: 00:30:00

Health: 226/226    AC: 49    Str: 25    XL:     22   Next: 19%
Magic:  21/21      EV:  9    Int:  7    God:    Gozag
Gold:   1870       SH: 33    Dex: 19    Spells: 21/21 levels left

rFire   + + .      SeeInvis .    D - +8 mithril axe "Arga" {speed, Will+}
rCold   + . .      Faith    .    O - +2 tower shield
rNeg    + + .      Spirit   .    c - +10 plate armour {ponderous}
rPois   +          Reflect  +    S - +2 hat
rElec   .          Harm     .    K - +2 cloak {rPois}
rCorr   +          Rampage  .    L - +2 pair of gloves
Will    ++...      Clarity  +    M - +2 pair of boots Stlth
                                 A - amulet "Gumec" {Reflect rF+ rN+ Dex+4 SH+5}
HPRegen 0.57/turn                p - +4 ring of protection
MPRegen 0.17/turn                P - ring of Nekaitesm {rF+ rC+ rN+ rCorr}

@: slow
A: horns 2, retaliatory headbutt, clarity
0: Orb of Zot
}: 3/15 runes: serpentine, barnacled, silver
a: Renounce Religion, Potion Petition, Call Merchant, Bribe Branch


You escaped.
You worshipped Gozag.
Gozag was most pleased with you.
You visited 9 branches of the dungeon, and saw 45 of its levels.
You also visited: Bailey, Ice Cave and Desolation.

You collected 19066 gold pieces.
You spent 5246 gold pieces at shops.
You paid 11950 gold pieces to Gozag.

Inventory:

Hand Weapons
 D - the +8 mithril axe "Arga" (weapon) {speed, Will+}
   (You bought it in a shop on level 2 of the Orcish Mines)

   Will:      It increases your willpower.
Missiles
 i - 3 throwing nets (quivered)
Armour
 c - a +10 plate armour of ponderousness (worn)
   (You took it off Frederick on level 4 of the Depths)
 K - a +2 cloak of poison resistance (worn)
   (You bought it in a shop on level 1 of the Orcish Mines)
 L - a +2 pair of gloves (worn)
   (You found it on level 9 of the Dungeon)
 M - a +2 pair of boots (worn)
   (You found it on level 10 of the Dungeon)
 O - a +2 tower shield (worn)
   (You took it off Mennas on level 2 of the Vaults)
 S - a +2 hat (worn)
   (You found it in an ice cave)
 T - a +1 plate armour of fire resistance
   (You bought it in a shop on level 10 of the Dungeon)
Jewellery
 a - the necklace of Bloodlust {Fury *Rage Will++ Int-3 Slay+6}
   (You bought it in a shop on level 2 of the Orcish Mines)

   [amulet of nothing]

   Fury:      It extends the wearer's berserk rage when killing foes.
   Int:       It affects your intelligence (-3).
   Slay:      It affects your accuracy & damage with ranged weapons and melee
   (+6).
   *Rage:     It berserks you when you make melee attacks (+50% chance).
   Will:      It greatly increases your willpower.
 j - a +4 ring of slaying
   (You found it on level 3 of the Dungeon)
 o - a ring of poison resistance
   (You found it on level 3 of the Dungeon)
 p - a +4 ring of protection (left hand)
   (You took it off a gnoll on level 3 of the Dungeon)
 v - a +5 ring of evasion
   (You found it on level 12 of the Dungeon)
 A - the amulet "Gumec" (around neck) {Reflect rF+ rN+ Dex+4 SH+5}
   (You acquired it on level 4 of the Snake Pit)

   [amulet of reflection]

   It reflects blocked missile attacks.
   Dex:       It affects your dexterity (+4).
   rF:        It protects you from fire.
   rN:        It protects you from negative energy.
   SH:        It affects your SH (+5).
 P - the ring of Nekaitesm (right hand) {rF+ rC+ rN+ rCorr}
   (You acquired it on level 1 of the Lair of Beasts)

   [ring of protection from cold]

   rF:        It protects you from fire.
   rC:        It protects you from cold.
   rN:        It protects you from negative energy.
   rCorr:     It protects you from acid and corrosion.
 R - a +4 ring of protection
   (You found it on level 4 of the Dungeon)
 X - an amulet of the acrobat
   (You found it on level 1 of the Depths)
Wands
 g - a wand of digging (21)
   (You found it on level 5 of the Lair of Beasts)
 x - a wand of paralysis (38)
   (You took it off Ijyb on level 3 of the Dungeon)
 I - a wand of roots (19)
   (You took it off Duvessa on level 7 of the Dungeon)
 V - a wand of acid (5)
   (You found it on level 3 of the Vaults)
Scrolls
 l - a scroll of magic mapping
 m - a scroll of silence
 r - 23 scrolls of identify
 t - 14 scrolls of teleportation
 u - 8 scrolls of vulnerability
 y - 4 scrolls of fog
 z - 6 scrolls of blinking
 G - 4 scrolls of fear
 N - 4 scrolls of enchant armour
Potions
 b - 8 potions of flight
 d - a potion of might
 e - 8 potions of invisibility
 f - 9 potions of mutation
 h - a potion of haste
 k - a potion of brilliance
 n - a potion of resistance
 q - 10 potions of curing
 s - 3 potions of magic
 w - 2 potions of heal wounds
 B - 4 potions of berserk rage
 E - a potion of cancellation {unknown}
 Q - 2 potions of ambrosia
Miscellaneous
 C - a tin of tremorstones (2/2)
   (You found it in the Desolation of Salt)
 F - a condenser vane
   (You found it in the Desolation of Salt)
 J - a piece from Xom's chessboard (15/15)
   (You found it on level 9 of the Dungeon)
 U - a phantom mirror
   (You found it on level 5 of the Lair of Beasts)


   Skills:
 + Level 25.2 Fighting
 - Level 18.0 Axes
 + Level 25.1 Armour
 O Level 27 Shields
 - Level 5.0 Evocations


You had 21 spell levels left.
You didn't know any spells.
Your spell library was empty.

Dungeon Overview and Level Annotations

Branches:
Dungeon (15/15)            Temple (1/1) D:4            Lair (5/5) D:8
 Shoals (4/4) Lair:3        Snake (4/4) Lair:3        Slime (0/5) Lair:4
    Orc (2/2) D:11            Elf (0/3) Orc:2        Vaults (5/5) D:14
 Depths (4/4) D:15            Zot (5/5) Depths:4     Bailey (visited)
  IceCv (visited)         Desolation (visited)
  Crypt: Vaults:2-3

Altars:
Ashenzari
Cheibriados
Dithmenos
Elyvilon
Fedhas
Gozag
Hepliaklqana
Kikubaaqudgha
Makhleb
Nemelex Xobeh
Okawaru
Qazlal
Ru
Sif Muna
Trog
Uskayaw
Vehumet
Wu Jian
Xom
Yredelemnul
Zin
The Shining One

Shops:
D:10 [   Orc:1 [   Orc:2 :[=**(   Lair:5 (*   Shoals:2 *   Snake:4 ?
Vaults:5 ?!

Portals:
Hell: Depths:1
Abyss: Depths:1 Depths:3
Pandemonium: Depths:1
Ziggurat: Depths:1

Annotations:
D:5 2 transporters, rlgrobin's ghost, novice MeFi
Lair:4 exclusion: 4 oklob plants
Vaults:2 2 transporters, Aclimpov's ghost, adept GrEE
Depths:3 1 runed translucent door


Innate Abilities, Weirdness & Mutations

You have a pair of horns on your head.
You reflexively headbutt those who attack you in melee.
You possess an exceptional clarity of mind.


Message History

There is a stone staircase leading up here.
You climb upwards.
Level annotation: 2 transporters, rlgrobin's ghost, novice MeFi
There is a stone staircase leading down here.
There is a stone staircase leading up here.
You climb upwards.
There is a stone staircase leading down here.
You see here a book of Spatial Translocations.
A sixfirhy comes into view.
You completely miss the sixfirhy. Your headbutt misses the sixfirhy.
You slice the sixfirhy!!
The sixfirhy is heavily wounded.
You completely miss the sixfirhy. Your headbutt misses the sixfirhy.
The sixfirhy is heavily wounded.
You chop the sixfirhy into pieces!!!
You kill the sixfirhy!
No target in view!
You now have 1862 gold pieces (gained 6).
No target in view!
There is a stone staircase leading up here.
You climb upwards.
There is a stone staircase leading down here.
(D) Dungeon (T) Temple (L) Lair (A) Shoals (P) Snake Pit (M) Slime Pits (O) Orcish Mines (E) Elven Halls (V) Vaults (U) Depths (H) Hell (Z) Zot
Where to? (Enter - D:1 @ (x,y), ? - help)
A balrug and 2 demonspawn blood saints come into view.
The balrug shouts!
The demonspawn blood saint shouts!
The demonspawn blood saint is distracted by your dazzling golden aura.
The demonspawn blood saint is no longer distracted by gold.
You block the balrug's attack.
The demonspawn blood saint calls on the powers of chaos!
The balrug suddenly seems more resistant.
The demonspawn blood saint looks momentarily different.
There is a stone staircase leading up here.
You climb upwards.
There is a stone staircase leading down here.
You hit the demonspawn blood saint.
Your headbutt misses the demonspawn blood saint.
The demonspawn blood saint is lightly wounded.
You hit the demonspawn blood saint but do no damage.
The demonspawn blood saint is lightly wounded.
The demonspawn blood saint conjures a destructive force in the name of Makhleb!
The fireball explodes!
The fireball engulfs you but does no damage.
The fireball engulfs the demonspawn blood saint.
The demonspawn blood saint completely resists.
The ghostly flame explodes!
The ghostly fireball engulfs you but does no damage.
You partially resist.
The ghostly fireball engulfs the demonspawn blood saint.
The demonspawn blood saint is drained!
You barely miss the demonspawn blood saint.
You headbutt the demonspawn blood saint.
The demonspawn blood saint is lightly wounded.
You slash the demonspawn blood saint!
The demonspawn blood saint is moderately wounded.
You closely miss the demonspawn blood saint.
The demonspawn blood saint is moderately wounded.
You block the demonspawn blood saint's attack.
You barely miss the demonspawn blood saint.
Your headbutt misses the demonspawn blood saint.
The demonspawn blood saint is moderately wounded.
You slice the demonspawn blood saint!!
You headbutt the demonspawn blood saint, but do no damage.
The demonspawn blood saint is heavily wounded.
You block the demonspawn blood saint's attack.
You slash the demonspawn blood saint!
Your headbutt misses the demonspawn blood saint.
The demonspawn blood saint is severely wounded.
You slash the demonspawn blood saint!
The demonspawn blood saint is severely wounded.
You slash the demonspawn blood saint!
You headbutt the demonspawn blood saint.
The demonspawn blood saint is almost dead.
You block the demonspawn blood saint's attack.
You hit the demonspawn blood saint but do no damage.
The demonspawn blood saint is almost dead.
You completely miss the demonspawn blood saint.
The demonspawn blood saint is almost dead.
You block the demonspawn blood saint's attack.
You slice the demonspawn blood saint!!
You kill the demonspawn blood saint!
You now have 1870 gold pieces (gained 8).
Things that are here:
a +0 dagger; a +0 robe
(D) Dungeon (T) Temple (L) Lair (A) Shoals (P) Snake Pit (M) Slime Pits (O) Orcish Mines (E) Elven Halls (V) Vaults (U) Depths (H) Hell (Z) Zot
Where to? (Enter - D:1 @ (x,y), ? - help) HP restored.
You see here a +0 club.
There is a stone staircase leading up here.
You climb upwards.
There is a stone staircase leading down here.
You open the door.
There is an open door here.
There is a staircase leading out of the dungeon here.
Enter note: gg You have escaped!

#.....###.# #.## #.#.# #.#
#.....'.#.#####..######(#.# #.#
#.....#.#.................## #..
#.#####.#..#####'#####.....####.#
#.#####.#..#PPP#.#PPP#...........
#..........#P⌠P#.#P⌠P#...........
#######.#..#PPP#.#PPP#.....####..
# ###.#..#####.#####........... #
#......+....@....'........... #
#.#.#..#####.#####........... #
#.#.#..#PPP#.#PPP#.....####.# #
#.#.#..#P⌠P#.#P⌠P#.....####.# #
###.#.#..#PPP#.#PPP#.......##.# #
#........#####+#####...........
#####...#...)................#...
.................................
........#.####.#####.........#..#


There were no monsters in sight!

Vanquished Creatures
  Mennas (Vaults:2)
  A juggernaut (Depths:1)
  Frederick (Depths:4)
  Saint Roka (Depths:4)
  A caustic shrike (Depths:3)
  5 golden dragons
  Jory (Depths:4)
  the Enchantress (Depths:3)
  A Tzitzimitl (D:15)
  Jorgrun (Orc:2)
  2 electric golems
  A tentacled monstrosity (Vaults:5)
  3 liches
  Mlioglotl (Shoals:1)
  3 Orb Guardians (Zot:5)
  A titan (Vaults:5)
  A walking earthen tome (Depths:3)
  Polyphemus (Shoals:4)
  4 quicksilver dragons
  7 sphinxes
  6 storm dragons
  9 tengu reavers
  2 shadow dragons
  A draconian monk (Zot:1)
  3 nagarajas (Snake:4)
  5 frost giants
  A draconian knight (Depths:4)
  8 fire giants
  3 draconian scorchers
  An iron dragon (Depths:1)
  3 draconian shifters
  3 imperial myrmidons (Desolation)
  12 vault wardens
  14 stone giants
  A draconian stormcaller (Depths:4)
  A draconian annihilator (Zot:2)
  A demonspawn blood saint (D:2)
  12 very ugly things
  An orc warlord (Orc:2)
  11 ironbound preservers
  5 spriggan defenders
  A reaper (IceCv)
  A war gargoyle (Vaults:5)
  2 ironbound thunderhulks
  A vampire knight (Depths:1)
  4 black draconians
  A dire elephant (Vaults:2)
  2 green draconians
  A lorocyproca (Depths:1)
  7 white draconians
  7 red draconians
  7 spark wasps (Depths:4)
  2 yellow draconians
  5 purple draconians
  A halazid warlock (Desolation)
  4 merfolk impalers
  10 ettins
  3 merfolk javelineers
  6 yaktaur captains
  6 fire dragons
  6 ragged hierophants (Desolation)
  A salamander tyrant (Snake:4)
  2 rakshasas
  5 servants of whispers
  3 ice dragons (Depths:1)
  2 great orbs of eyes
  10 hydras
  36 vault guards
  A hydra (shapeshifter) (Vaults:5)
  10 spriggan air magi
  6 centaur warriors
  7 ironbound frosthearts
  6 peacekeepers (Desolation)
  An ogre mage (Vaults:5)
  10 anacondas
  3 merfolk aquamancers
  2 merfolk avatars
  2 catoblepae
  A satyr (Shoals:4)
  6 two-headed ogres
  7 boulder beetles
  7 death yaks
  19 naga warriors
  An alligator snapping turtle (Shoals:2)
  A death knight (D:14)
  3 deep troll shamans
  An orc high priest (Orc:2)
  5 tengu warriors
  A vampire mage (Depths:1)
  2 hell knights (Vaults:5)
  11 naga sharpshooters
  2 spriggan berserkers
  Urug (Lair:1)
  7 shock serpents
  A shadow wraith (Vaults:5)
  A soul eater (Depths:1)
  A sixfirhy (D:4)
  An iron troll (Depths:3)
  12 skeletal warriors
  A skyshark (shapeshifter) (Vaults:5)
  A spark wasp zombie (Depths:1)
  3 salamander mystics (Snake:4)
  A deep troll (shapeshifter) (Depths:3)
  34 deep trolls
  4 glowing orange brains
  A shadow demon (Depths:1)
  5 sea snakes
  A storm dragon skeleton (Depths:1)
  10 naga ritualists
  5 skysharks
  2 flayed ghosts (Depths:3)
  13 ironbound convokers
  A swamp dragon (Lair:5)
  5 wizards
  12 mana vipers
  8 phantasmal warriors
  4 lindwurms
  5 necromancers
  9 orc knights
  6 harpies (Vaults:3)
  4 deep elf pyromancers
  A fire giant zombie (Vaults:1)
  7 cyclopes
  38 ugly things
  A faun (Shoals:1)
  10 moths of wrath
  14 salamanders
  8 orc sorcerers
  5 manticores
  25 elephants
  2 centaur zombies (D:15)
  2 merfolk sirens (Shoals:4)
  32 black mambas
  23 naga magi
  2 smoke demons (Depths:1)
  A torpor snail (Lair:5)
  5 water nymphs
  10 cane toads
  6 guardian serpents
  An ice statue (IceCv)
  13 vault sentinels
  A hellion (Zot:1)
  2 gargoyles
  2 spriggan zombies (Depths:1)
  Maggie (D:6)
  3 efreet
  A centaur skeleton (D:15)
  6 rime drakes
  13 komodo dragons
  5 kobold demonologists
  4 freezing wraiths
  2 tengu conjurers
  An ice devil (Depths:1)
  An anaconda simulacrum (IceCv)
  11 yaktaurs
  A meliai (D:13)
  3 wind drakes
  A polar bear (Lair:5)
  4 hornets
  13 merfolk
  10 trolls
  A tyrant leech (shapeshifter) (Depths:3)
  A tarantella (shapeshifter) (Depths:3)
  3 dream sheep (Lair:5)
  2 dream sheep (shapeshifter)
  19 slime creatures
  42 saltlings
  22 blink frogs
  A wolf spider simulacrum (D:15)
  7 snapping turtles
  An iron dragon simulacrum (Depths:1)
  Sigmund (D:3)
  A fire giant simulacrum (Vaults:1)
  A jumping spider (shapeshifter) (D:13)
  3 centaur simulacra
  7 water elementals
  2 spriggans (Depths:4)
  A shadow (D:9)
  3 wyverns
  A human (shapeshifter) (D:14)
  3 wraiths
  A small abomination (Zot:1)
  25 yaks
  2 basilisks
  A steam dragon (Lair:5)
  11 wargs
  A death yak simulacrum (IceCv)
  15 vampire mosquitoes
  A swamp worm (shapeshifter) (Vaults:5)
  29 nagas
  Duvessa (D:7)
  3 acid dragons
  A floating eye (Depths:1)
  A hydra simulacrum (IceCv)
  18 water moccasins
  An orc zombie (Vaults:1)
  3 swamp drakes (Lair:5)
  47 orc warriors
  2 sky beasts
  5 ogres
  16 wolves
  8 centaurs
  6 kobold brigands
  9 bullfrogs
  A necrophage (D:7)
  3 scorpions
  3 cane toad simulacra (IceCv)
  5 two-headed ogre simulacra (IceCv)
  An ogre simulacrum (Vaults:1)
  7 wights
  Dowan (D:7)
  An elephant simulacrum (IceCv)
  11 killer bees
  A howler monkey (D:10)
  7 electric eels (Bailey)
  17 orc priests
  A gnoll bouda (D:8)
  3 jellies
  4 iguanas
  Ijyb (D:3)
  Natasha (thrice) (D:3)
  20 orc wizards
  4 hell rats (Lair:2)
  5 spriggan simulacra (IceCv)
  6 troll simulacra (IceCv)
  2 wolf simulacra (IceCv)
  5 adders
  10 gnolls
  7 naga simulacra (IceCv)
  A shadow imp (D:6)
  5 white imps
  9 ufetubi
  A dart slug (D:2)
  79 orcs
  7 endoplasms
  2 giant cockroaches
  20 hobgoblins
  3 jackals (D:1)
  A quokka (D:4)
  8 ball pythons
  9 bats
  3 frilled lizards
  16 goblins
  34 kobolds
  4 rats
1502 creatures vanquished.

Vanquished Creatures (collateral kills)
  3 Orb Guardians (Zot:5)
  A hydra (D:13)
4 creatures vanquished.

Vanquished Creatures (others)
  A golden dragon (Zot:5)
  An electric golem (Zot:5)
  5 Orb Guardians (Zot:5)
  A storm dragon (Zot:5)
  A draconian knight (Zot:1)
  A wolf spider simulacrum (D:14)
  An orc warrior (Depths:4)
  An iguana (Lair:5)
  5 fungi
  70 plants
87 creatures vanquished.

Grand Total: 1593 creatures vanquished

Notes
Turn   | Place    | Note
-------+----------+-------------------------------------------
     0 | D:1      | Flugslaktarn the Minotaur Fighter began the quest for the
                  | Orb.
     0 | D:1      | Reached XP level 1. HP: 19/19 MP: 0/0
   177 | D:1      | Reached XP level 2. HP: 25/27 MP: 1/1
   933 | D:2      | Reached skill level 4 in Shields
   933 | D:2      | Reached XP level 3. HP: 33/33 MP: 2/2
  1430 | D:3      | Noticed Sigmund
  1460 | D:3      | Killed Sigmund
  1461 | D:3      | Reached XP level 4. HP: 14/41 MP: 3/3
  1461 | D:3      | Reached XP level 5. HP: 16/47 MP: 4/4
  1462 | D:3      | Reached skill level 5 in Axes
  1600 | D:3      | Noticed Natasha
  1606 | D:3      | Killed Natasha
  1677 | D:3      | Noticed Natasha
  1687 | D:3      | Killed Natasha
  1688 | D:3      | Reached XP level 6. HP: 48/55 MP: 5/5
  1742 | D:3      | Reached skill level 5 in Fighting
  1747 | D:3      | Reached skill level 5 in Armour
  1747 | D:3      | Reached skill level 5 in Shields
  1870 | D:3      | Noticed Ijyb
  1883 | D:3      | Killed Ijyb
  1899 | D:3      | Noticed Natasha
  1903 | D:3      | Killed Natasha
  2286 | D:4      | Found a staircase to the Ecumenical Temple.
  2289 | D:4      | Reached skill level 1 in Evocations
  2289 | D:4      | Reached XP level 7. HP: 42/61 MP: 6/6
  2292 | D:4      | Gained mutation: You possess an exceptional clarity of
                  | mind. [potion of mutation]
  2530 | Temple   | Entered the Ecumenical Temple
  2726 | Temple   | Became a worshipper of Gozag Ym Sagoz the Greedy
  2942 | D:4      | Identified the +0 cloak "Nimosig" {Str+3 SInv}
  3376 | D:5      | Entered Level 5 of the Dungeon
  3510 | D:5      | Found a transporter.
  3574 | D:5      | Found a transporter.
  3655 | D:5      | Reached skill level 6 in Shields
  3655 | D:5      | Reached XP level 8. HP: 67/70 MP: 7/7
  3866 | D:5      | Found a faded altar of an unknown god.
  3866 | D:5      | Found an ancient bone altar of Kikubaaqudgha.
  3874 | D:5      | Found a white marble altar of Elyvilon.
  3876 | D:5      | Found an ornate altar of the Wu Jian Council.
  3878 | D:5      | Found a faded altar of an unknown god.
  3913 | D:5      | Noticed rlgrobin's ghost (novice MeFi)
  4033 | D:6      | Noticed Maggie
  4042 | D:6      | Killed Maggie
  4170 | D:6      | Found a glowing silver altar of Zin.
  4336 | D:6      | Found a broken altar of Ashenzari.
  4569 | D:7      | Found a flagged portal.
  4637 | Bailey   | Entered a bailey
  4714 | Bailey   | Reached skill level 7 in Shields
  4742 | Bailey   | Reached XP level 9. HP: 72/78 MP: 8/8
  4809 | Bailey   | Noticed a kobold demonologist
  4814 | Bailey   | Killed a kobold demonologist
  5293 | Bailey   | Reached skill level 8 in Shields
  5392 | Bailey   | Noticed an orc knight
  5398 | Bailey   | Noticed a kobold demonologist
  5406 | Bailey   | Killed an orc knight
  5423 | Bailey   | Reached skill level 10 in Axes
  5594 | Bailey   | Found an iron altar of Okawaru.
  5696 | Bailey   | Killed a kobold demonologist
  5697 | Bailey   | Reached XP level 10. HP: 88/88 MP: 9/9
  5767 | Bailey   | Reached skill level 9 in Shields
  6357 | D:7      | Noticed Duvessa
  6357 | D:7      | Noticed Dowan
  6362 | D:7      | Killed Duvessa
  6365 | D:7      | Killed Dowan
  7049 | D:8      | Found a shimmering blue altar of Sif Muna.
  7310 | D:8      | Found a staircase to the Lair.
  7334 | D:8      | Reached skill level 10 in Shields
  7334 | D:8      | Reached skill level 5 in Evocations
  7705 | D:8      | Noticed a two-headed ogre
  7711 | D:8      | Killed a two-headed ogre
  7712 | D:8      | Reached XP level 11. HP: 96/97 MP: 10/10
  8055 | D:9      | Reached skill level 11 in Shields
  8437 | D:9      | Found a basalt altar of Yredelemnul.
  8439 | D:9      | Noticed a profane servitor
  8805 | D:9      | Found a glowing golden altar of the Shining One.
  8932 | D:9      | Found a hazy altar of Hepliaklqana.
  8935 | D:9      | Found a faded altar of an unknown god.
  9067 | D:9      | Noticed an angel
  9085 | D:10     | Entered Level 10 of the Dungeon
  9561 | D:10     | Noticed a purple ugly thing
  9561 | D:10     | Noticed a five-headed hydra
  9561 | D:10     | Noticed a centaur warrior
  9562 | D:10     | Noticed a wizard
  9566 | D:10     | Noticed a two-headed ogre
  9569 | D:10     | Killed a purple ugly thing
  9573 | D:10     | Killed a two-headed ogre
  9574 | D:10     | Reached skill level 12 in Shields
  9578 | D:10     | Killed a nine-headed hydra
  9579 | D:10     | Reached skill level 10 in Fighting
  9585 | D:10     | Reached skill level 10 in Armour
  9586 | D:10     | Killed a centaur warrior
  9602 | D:10     | Killed a wizard
  9686 | D:10     | Identified the +0 leather armour of Ettoink {-Cast rElec
                  | rC++ Will+}
  9741 | D:10     | Found Werphom's Antique Armour Boutique.
  9927 | D:10     | Found a snail-covered altar of Cheibriados.
  9936 | D:10     | Reached XP level 12. HP: 106/106 MP: 11/11
  9999 | D:10     | Noticed a two-headed ogre
 10006 | D:10     | Killed a two-headed ogre
 10193 | D:10     | Noticed a two-headed ogre
 10200 | D:10     | Killed a two-headed ogre
 10661 | D:11     | Noticed a boulder beetle
 10678 | D:11     | Killed a boulder beetle
 10679 | D:11     | Reached skill level 13 in Shields
 11194 | D:11     | Found a staircase to the Orcish Mines.
 11339 | Lair:1   | Entered Level 1 of the Lair of Beasts
 11471 | Lair:1   | Noticed Urug
 11481 | Lair:1   | Killed Urug
 11784 | Lair:1   | Acquired the ring of Nekaitesm {rF+ rC+ rN+ rCorr}
 12142 | Lair:1   | Reached skill level 14 in Shields
 12452 | Lair:2   | Noticed a catoblepas
 12467 | Lair:2   | Killed a catoblepas
 12574 | Lair:2   | Reached skill level 15 in Axes
 12935 | Lair:2   | Identified the +0 cloak "Suyl" {Stlth+}
 13258 | Lair:2   | Reached XP level 13. HP: 116/116 MP: 12/12
 13860 | Lair:3   | Found a staircase to the Snake Pit.
 14097 | Lair:3   | Found a staircase to the Shoals.
 14185 | Lair:3   | Reached skill level 15 in Shields
 15988 | Lair:5   | Entered Level 5 of the Lair of Beasts
 16195 | Lair:5   | Reached skill level 16 in Shields
 16658 | Lair:5   | Noticed a fire dragon
 16668 | Lair:5   | Reached XP level 14. HP: 77/127 MP: 13/13
 17769 | Lair:5   | HP: 4/127 [eight-headed hydra (7)]
 18367 | Lair:5   | Acquired the amulet "Biafeumu" {Reflect Regen+ Int+4 Dex-2
                  | SH+5}
 18379 | Lair:5   | Bought a glimmering war axe for 280 gold pieces
 18379 | Lair:5   | Identified the +8 war axe "Dragonbane" {protect, Fragile
                  | rCorr Str-4 Int+5} (You bought it in a shop on level 5 of
                  | the Lair of Beasts)
 18637 | Lair:4   | Found a staircase to the Slime Pits.
 18824 | D:12     | Reached skill level 17 in Shields
 19513 | D:13     | Noticed a tengu reaver
 19514 | D:13     | Noticed a fire giant
 19522 | D:13     | Killed a tengu reaver
 19531 | D:13     | Killed a fire giant
 20370 | D:14     | Found a gate to the Vaults.
 20390 | D:14     | Reached skill level 18 in Shields
 20393 | D:14     | Reached XP level 15. HP: 122/137 MP: 14/14
 21402 | D:15     | Entered Level 15 of the Dungeon
 21527 | D:15     | Reached skill level 19 in Shields
 21837 | D:15     | Found Fopseell's Assorted Antiques.
 22178 | D:15     | Reached skill level 15 in Fighting
 22212 | D:15     | Found a staircase to the Depths.
 22539 | Orc:1    | Entered Level 1 of the Orcish Mines
 22600 | Orc:1    | Reached skill level 15 in Armour
 22621 | Orc:1    | Found Pokut's Antique Armour Emporium.
 22664 | Orc:1    | Bought an embroidered cloak for 195 gold pieces
 22928 | Orc:1    | Found a frozen archway.
 22949 | IceCv    | Entered an ice cave
 23598 | IceCv    | Reached skill level 20 in Shields
 24011 | Orc:2    | Entered Level 2 of the Orcish Mines
 24046 | Orc:2    | Noticed Jorgrun
 24067 | Orc:2    | Killed Jorgrun
 24164 | Orc:2    | Found a staircase to the Elven Halls.
 24242 | Orc:2    | Reached XP level 16. HP: 149/149 MP: 15/15
 24500 | Orc:2    | Found Qucsup's Book Emporium.
 24549 | Orc:2    | Found Happ's Antique Weapon Emporium.
 24621 | Orc:2    | Bought the +8 mithril axe "Arga" {speed, Will+} for 1485
                  | gold pieces
 24621 | Orc:2    | Found the +8 mithril axe "Arga" {speed, Will+}
 24687 | Orc:2    | Found Vuobun's General Store.
 24693 | Orc:2    | Bought a scroll of fear for 68 gold pieces
 24693 | Orc:2    | Bought a scroll of teleportation for 51 gold pieces
 24693 | Orc:2    | Bought a scroll of fear for 68 gold pieces
 24701 | Orc:2    | Found Fenidduts's Antique Armour Emporium.
 24870 | Orc:2    | Bought the necklace of Bloodlust {Fury *Rage Will++ Int-3
                  | Slay+6} for 543 gold pieces
 24870 | Orc:2    | Found the necklace of Bloodlust {Fury *Rage Will++ Int-3
                  | Slay+6}
 24998 | D:10     | Bought a runed plate armour for 676 gold pieces
 25121 | Snake:1  | Entered Level 1 of the Snake Pit
 25522 | Snake:1  | Identified the +1 chain mail of Vaqink {rC+ Str+4}
 25811 | Snake:1  | Reached skill level 21 in Shields
 26539 | Snake:2  | Found a bloodstained altar of Trog.
 27189 | Snake:4  | Entered Level 4 of the Snake Pit
 27413 | Snake:4  | Found Hofutypi's Magic Scroll Shop.
 27428 | Snake:4  | Bought a scroll of blinking for 135 gold pieces
 27428 | Snake:4  | Bought a scroll of acquirement for 936 gold pieces
 27436 | Snake:4  | Bought a scroll of enchant armour for 135 gold pieces
 27436 | Snake:4  | Bought a scroll of enchant armour for 135 gold pieces
 27436 | Snake:4  | Acquired 984 gold pieces
 27895 | Snake:4  | Reached skill level 22 in Shields
 27947 | Snake:4  | Reached XP level 17. HP: 97/160 MP: 16/16
 27961 | Snake:4  | Acquired the amulet "Gumec" {Reflect rF+ rN+ Dex+4 SH+5}
 28334 | Snake:4  | Reached skill level 23 in Shields
 28715 | Snake:4  | Got a serpentine rune of Zot
 29175 | Shoals:1 | Entered Level 1 of the Shoals
 29354 | Shoals:1 | Noticed Mlioglotl
 29379 | Shoals:1 | Killed Mlioglotl
 29667 | Shoals:2 | Found Dejioxoi's Assorted Antiques.
 29677 | Shoals:2 | Bought a scroll of teleportation for 75 gold pieces
 30196 | Shoals:4 | Entered Level 4 of the Shoals
 30196 | Shoals:4 | Noticed Polyphemus
 30221 | Shoals:4 | Killed Polyphemus
 30858 | Shoals:4 | Got a barnacled rune of Zot
 31153 | Shoals:2 | Reached XP level 18. HP: 153/172 MP: 17/17
 31421 | Depths:1 | Entered Level 1 of the Depths
 31492 | Vaults:1 | Entered Level 1 of the Vaults
 31596 | Vaults:1 | Reached skill level 24 in Shields
 31707 | Vaults:1 | You fall into a shaft and drop 1 floor!
 31844 | Vaults:2 | Noticed Mennas
 31917 | Vaults:2 | Killed Mennas
 32288 | Vaults:2 | Found a transporter.
 32288 | Vaults:2 | Found the +1 robe of Vines {NoPotionHeal Regen++++}
 32288 | Vaults:2 | Noticed Aclimpov's ghost (adept GrEE)
 32288 | Vaults:2 | Identified the +6 great mace "Omelette" {flame, Stlth+}
 32289 | Vaults:2 | Found a transporter.
 32916 | Vaults:3 | Reached skill level 25 in Shields
 32981 | Vaults:3 | Found a crumbling gateway.
 32991 | Desolati | Entered the Desolation of Salt
 33066 | Desolati | HP: 1/176 [servant of whispers/bolt of lightning (36)]
 33931 | Desolati | Found the +7 sceptre of Torment {pain, torment}
 34067 | Desolati | Reached XP level 19. HP: 183/183 MP: 18/18
 34652 | Vaults:5 | Entered Level 5 of the Vaults
 34668 | Vaults:5 | Reached skill level 26 in Shields
 36216 | Vaults:5 | Reached skill level 27 in Shields
 36348 | Vaults:5 | Reached XP level 20. HP: 161/195 MP: 19/19
 36881 | Vaults:5 | Found Modeuz's Distillery.
 37018 | Vaults:5 | Bought a potion of mutation for 104 gold pieces
 37497 | Vaults:5 | Identified the +8 chain mail of Qeen {Int+2}
 37601 | Vaults:5 | Found Pelyth's Magic Scroll Shop.
 37606 | Vaults:5 | Bought 3 scrolls of blinking for 360 gold pieces
 37640 | Vaults:5 | Got a silver rune of Zot
 38281 | Depths:1 | Noticed a golden dragon
 38302 | Depths:1 | Killed a golden dragon
 38732 | Depths:1 | Noticed a juggernaut
 38755 | Depths:1 | Killed a juggernaut
 38850 | Depths:1 | Found a gateway to Hell.
 39098 | Depths:1 | Found a one-way gate to the infinite horrors of the Abyss.
 39327 | Depths:1 | Found a one-way gateway to a ziggurat.
 39425 | Depths:1 | Reached XP level 21. HP: 198/210 MP: 20/20
 39626 | Depths:1 | Found a one-way gate leading to the halls of Pandemonium.
 40093 | Depths:3 | Identified the +10 short sword of the Tundras {distort,
                  | rN+}
 40101 | Depths:3 | Noticed a caustic shrike
 40110 | Depths:3 | Killed a caustic shrike
 40182 | Depths:3 | Identified the +4 whip "Imaab" {protect, Contam rPois MP+9
                  | Int+5}
 40240 | Depths:3 | Found a runed translucent door.
 40240 | Depths:3 | Noticed a golden dragon
 40272 | Depths:3 | Killed a golden dragon
 40320 | Depths:4 | Entered Level 4 of the Depths
 40375 | Depths:4 | Found a gate to the Realm of Zot.
 40375 | Depths:4 | Noticed a golden dragon
 40380 | Depths:4 | Noticed Saint Roka
 40393 | Depths:4 | Killed a golden dragon
 40611 | Depths:3 | Noticed the Enchantress
 40640 | Depths:3 | Killed the Enchantress
 40997 | Depths:3 | Noticed a golden dragon
 41009 | Depths:3 | Killed a golden dragon
 41026 | Depths:3 | Acquired 558 gold pieces
 41069 | Depths:4 | Killed Saint Roka
 41177 | Zot:1    | Entered Level 1 of the Realm of Zot
 41380 | Zot:1    | Noticed a golden dragon
 41384 | Depths:4 | HP: 5/214 [black draconian/bolt of lightning[a red
                  | draconian scorcher] (28)]
 41727 | Depths:4 | Noticed Frederick
 41754 | Depths:4 | Killed Frederick
 42045 | Depths:4 | Noticed Jory
 42354 | Depths:4 | Killed Jory
 43242 | Zot:2    | Noticed a golden dragon
 43512 | Zot:2    | Reached XP level 22. HP: 47/224 MP: 21/21
 43832 | Zot:2    | Killed a golden dragon
 43970 | Zot:5    | Entered Level 5 of the Realm of Zot
 43981 | Zot:5    | Noticed an ancient lich
 43986 | Zot:5    | Noticed an orb of fire
 43987 | Zot:5    | Noticed a Killer Klown
 43994 | Zot:5    | Noticed an orb of fire
 43996 | Zot:5    | Noticed an orb of fire
 43997 | Zot:5    | Noticed a golden dragon
 44007 | Zot:5    | Killed a golden dragon
 44038 | Zot:5    | Got the Orb of Zot
 44063 | Zot:5    | Noticed a golden dragon
 44146 | Zot:1    | Noticed Pikucakyob the pandemonium lord
 44545 | D:1      | gg
 44546 | D:$      | Escaped with the Orb!

Illustrated notes

#.....###.# #.## #.#.# #.#
#.....'.#.#####..######(#.# #.#
#.....#.#.................## #..
#.#####.#..#####'#####.....####.#
#.#####.#..#PPP#.#PPP#...........
#..........#P⌠P#.#P⌠P#...........
#######.#..#PPP#.#PPP#.....####..
# ###.#..#####.#####........... #
#......+....@....'........... #
#.#.#..#####.#####........... #
#.#.#..#PPP#.#PPP#.....####.# #
#.#.#..#P⌠P#.#P⌠P#.....####.# #
###.#.#..#PPP#.#PPP#.......##.# #
#........#####+#####...........
#####...#...)................#...
.................................
........#.####.#####.........#..#


Turn 44545 on D:1: gg

Levels and vault maps discovered:
D:1:      beargit_arrival_greenhouse, layout_basic
D:2:      minmay_skewed_foursquare, layout_basic, minmay_ruptured
D:3:      layout_rooms, uniq_sigmund, uniq_natasha, uniq_ijyb
D:4:      kennysheep_the_goblin_king, layout_basic, minmay_temple_entry_arrows
D:5:      layout_cave_pools, chequers_temple_overflow_minitemple,
          gammafunk_ghost_stat_death, serial_rivers,
          chequers_serial_rivers_micro_d, chequers_serial_rivers_small_3,
          chequers_serial_rivers_micro_d, chequers_serial_rivers_small_a,
          chequers_serial_rivers_micro_d
D:6:      layout_basic, lemuel_doored_altar, mainiacjoe_overflow_tiny_flanked,
          uniq_maggie
D:7:      dreamdust_elfheim, layout_loops_ring, enter_bailey_4
D:8:      layout_loops_ring, mainiacjoe_overflow_small_starburst,
          erik_lair_orcish_takeover, grunt_decor_one_mirror
D:9:      layout_loops_ring, grunt_temple_overflow_holy_war,
          beargit_hepliaklqana_dungeon_heroes, kennysheep_generic_room_6
D:10:     minmay_chambers_of_sevens, layout_loops_ring, old_standard_altar,
          serial_shops, shop
D:11:     layout_loops_cross, david_orc_4
D:12:     layout_roguey
D:13:     minmay_outward_triangles, layout_cave_pods, drop_trap
D:14:     layout_loops_cross, lightli_vaults_fourway_checkpoint,
          nicolae_eternal_life, lemuel_flame_loot_1
D:15:     grunt_enter_depths_magical_seal, layout_long_grid,
          dreamdust_wishing_well, serial_shops, nicolae_shop_overgrown_old_shop,
          amcnicky_mini_pool_small, grunt_decor_clamped, minivault_11
Temple:   nicolae_temple_bog_church
Lair:1:   layout_chaotic_city, nicolae_lair_lil_pond, infiniplex_staircase_pool,
          uniq_urug
Lair:2:   layout_long_grid, grunt_megastairs_1
Lair:3:   layout_concentric_octagons, shoals_dummy_entry,
          guppyfry_snake_entry_island, grunt_forest_small_clearings,
          minivault_25
Lair:4:   layout_regular_city, minmay_slime_entry_oklob_open,
          serial_bayou_pond_a, lookout_lair_type
Lair:5:   guppyfry_lair_end_dragon, layout_long_grid, hangedman_lair_in_review
Shoals:1: layout_shoals, ebering_ghost_davey_jones,
          nicolae_shoals_dead_sea_scrolls, uniq_mlioglotl
Shoals:2: layout_shoals, serial_shops, nicolae_lakefront_shop
Shoals:3: layout_shoals, nicolae_shoals_drake_roost
Shoals:4: shoals_end_simple, layout_shoals, uniq_polyphemus
Snake:1:  layout_chambers, grunt_megastairs_3
Snake:2:  layout_misc_corridors, basic_altar, lemuel_fruit_tree,
          serial_bayou_shore_a, uniq_vashnia
Snake:3:  layout_misc_corridors, basic_altar, guppyfry_library_mini
Snake:4:  snake_pit, layout_cave_town, serial_shops, shop
Orc:1:    layout_caves, portal_ice_cave_rime, serial_shops, shop_statue
Orc:2:    grunt_orc_cross, layout_caves, nicolae_orc_rockfall, uniq_jorgrun
Vaults:1: nicolae_vaults_fighting_squares, v_misc_33, v_misc_22,
          nicolae_vaults_theta, nicolae_vaults_alarming,
          nicolae_vaults_ring_of_whatevers, dpeg_vaults_monster_row,
          v_alt_pattern_5, v_misc_1, v_misc_1, vaults_room_pools,
          layout_vaults_maze_bifur
Vaults:2: gammafunk_ghost_smash, nicolae_vaults_hallways_thing,
          minmay_crypt_entry_simple_statues, nicolae_vaults_little_ls,
          v_misc_23, ontoclasm_vaults_fault, vaults_mumra_lcd,
          vaults_room_grunt_arrival_checkpoint, vaults_room_fancy_cross,
          nicolae_vaults_little_squares_3, vaults_dpeg_cross,
          nicolae_vaults_display_case, layout_vaults_omnicross, uniq_mennas,
          uniq_donald
Vaults:3: portal_desolation_entry_salt, grunt_vaults_focal, v_pattern_2,
          hangedman_vaults_impose, v_rooms_2, nicolae_vaults_little_squares_4,
          layout_vaults_omnigrid
Vaults:4: gammafunk_ghost_abyssal_escape, vaults_room_fancy_cross,
          nicolae_vaults_mini_display_case, vaults_room_fancy_cross, v_misc_2,
          ontoclasm_vaults_ring_small, v_misc_1, v_misc_29,
          vaults_dpeg_diagonal, grunt_vaults_diagonal,
          nicolae_vaults_specimen_jars, ontoclasm_vaults_eye,
          layout_vaults_big_room
Vaults:5: serial_shops
Depths:1: minmay_complete_graph, layout_cave_pools, enter_ziggurat_e,
          pf_vacation_house_of_asmodeus, abyss_entry_crystal,
          hangedman_decor_points, rand_demon_pan_entry_8, st_stairs_11,
          minmay_misc_feat_rows, drop_trap
Depths:2: minmay_the_grid_four_pointed_star_mashed
          [minmay_the_grid_triangle_9x9_zippers_horizontal,
          minmay_the_grid_triangle_9x9_limited_checkers,
          minmay_the_grid_triangle_9x9_cache,
          minmay_the_grid_triangle_9x9_negative_grid,
          minmay_the_grid_prize_diamond_cup], layout_cave_pools, abyss_entry,
          kennysheep_donut, grunt_pan_entry_spiral, hell_entry,
          nicolae_trove_entry_crossroad, guppyfry_shop_earth
Depths:3: minmay_fractal_lines_corner, layout_cave_shapes,
          nicolae_hell_entry_hellmouth_sunbeams, dk_noncrumbling_3, abyss_entry,
          hangedman_abyss_or_decor_jellyfish_corner, minmay_hidden_floor,
          infiniplex_staircase_trident, uniq_enchantress
Depths:4: evilmike_zot_entry_argh, layout_gridville, grunt_pan_entry_zigzag,
          serial_sigils_hangedman_confine, hangedman_tar_grid_catacomb,
          uniq_jory, uniq_frederick, uniq_saint_roka
Zot:1:    layout_basic, serial_nicolae_subway, nicolae_sub_station_crystal,
          nicolae_sub_station_stone, nicolae_sub_station_metal,
          grunt_megastairs_5, uniq_vv
Zot:2:    layout_twisted_circle, st_stairs_3
Zot:3:    gammafunk_dig_for_victory, layout_concentric_octagons
Zot:4:    layout_gridlike, grunt_megastairs_2
Zot:5:    layout_gridlike

Skill      XL: |  1  2  3  4  5  6  7  8  9 10 11 12 13 14 15 16 17 18 19 20 21 22 |
---------------+-------------------------------------------------------------------+-----
Axes           | 3 4 5 6 7 8 10 11 13 15 16 18 | 18.0
Fighting       | 4 5 6 7 9 10 11 12 13 15 16 18 19 20 22 24 25 | 25.2
Armour         | 4 5 6 7 9 10 11 12 13 15 16 18 19 20 22 24 25 | 25.1
Shields        | 4 5 6 7 8 10 12 14 16 18 20 22 23 25 27 | 27.0
Evocations     | 1 2 3 4 5 |  5.0

Action                     |  1- 3 |  4- 6 |  7- 9 | 10-12 | 13-15 | 16-18 | 19-21 | 22-24 || total
---------------------------+-------+-------+-------+-------+-------+-------+-------+-------++-------
  Melee: War axe           |    75 |    63 |   145 |       |   681 |   105 |       |       ||  1069
         Headbutt          |    14 |    14 |    34 |   107 |   290 |   393 |   472 |    42 ||  1366
         Broad axe         |       |       |    60 |   518 |   378 |  1300 |  1500 |   127 ||  3883
         Unarmed           |       |       |       |       |     8 |       |       |       ||     8
 Invoke: Call Merchant     |       |       |       |       |     2 |     2 |       |       ||     4
         Potion Petition   |       |       |       |       |     1 |     4 |       |       ||     5
         Bribe Branch      |       |       |       |       |       |       |       |     2 ||     2
  Evoke: Wand              |       |       |     7 |     3 |    18 |       |       |       ||    28
         Piece from Xom's  |       |       |       |       |     2 |       |       |       ||     2
         Phantom mirror    |       |       |       |       |     1 |       |       |       ||     1
         Tin of tremorston |       |       |       |       |       |       |     2 |       ||     2
    Use: Potion            |     2 |       |     2 |     2 |     2 |    11 |     1 |     4 ||    24
         Scroll            |       |       |    12 |    10 |     7 |    10 |     4 |     5 ||    48
   Stab: Paralysed         |       |       |     3 |       |       |       |       |       ||     3
         Distracted        |       |       |       |     1 |     7 |     4 |    15 |     2 ||    29
         Petrified         |       |       |       |     2 |       |       |       |       ||     2
         Confused          |       |       |       |       |     1 |       |       |       ||     1
 Armour: Scale mail        |    27 |       |       |       |       |       |       |       ||    27
         Plate armour      |    35 |    44 |   137 |   271 |   784 |   370 |   341 |    22 ||  2004
         Skin              |       |       |       |       |     2 |       |       |       ||     2
  Dodge: Dodged            |    52 |    18 |    51 |   103 |   220 |   115 |   125 |     7 ||   691
  Block: Buckler           |    22 |    11 |    28 |       |       |       |       |       ||    61
         Kite shield       |       |       |    54 |   240 |       |       |       |       ||   294
         Tower shield      |       |       |       |    64 |  1222 |   923 |   885 |    73 ||  3167
         Reflection        |       |       |       |       |    56 |    13 |     6 |       ||    75

Table legend: (Time is in decaauts)
 A = Elapsed time spent in this place.
 B = Non-inter-level travel time spent in this place.
 C = Inter-level travel time spent in this place.
 D = Time resting spent in this place.
 E = Time spent auto-exploring this place.
 F = Levels seen in this place.
 G = Mean time per level.
                   A        B        C        D        E       F      G
               +--------+--------+--------+--------+--------+-----+--------+
         Total |  43049 |  40596 |   2453 |   7607 |  25224 |  48 |  896.9 |
       Dungeon |  14752 |  13352 |   1400 |   1183 |   9911 |  15 |  983.5 |
        Temple |    214 |    188 |     26 |      0 |    176 |   1 |  214.0 |
          Lair |   7531 |   7189 |    342 |   1212 |   4826 |   5 | 1506.2 |
        Shoals |   1932 |   1847 |     85 |    708 |    715 |   4 |  483.0 |
     Snake Pit |   3759 |   3609 |    150 |    263 |   2835 |   4 |  939.8 |
  Orcish Mines |   1526 |   1464 |     62 |     49 |   1062 |   2 |  763.0 |
        Vaults |   4716 |   4541 |    175 |    871 |   2723 |   5 |  943.2 |
        Depths |   4044 |   3966 |     78 |   1904 |   1239 |   4 | 1011.0 |
           Zot |   1175 |   1044 |    131 |    712 |      0 |   5 |  235.0 |
        Bailey |   1576 |   1576 |      0 |    601 |    506 |   1 | 1576.0 |
      Ice Cave |    810 |    810 |      0 |    100 |    488 |   1 |  810.0 |
    Desolation |   1008 |   1008 |      0 |      3 |    742 |   1 | 1008.0 |
               +--------+--------+--------+--------+--------+-----+--------+

Top non-repeatable levels by time:
  Lair:5: 2406 daAuts
Vaults:5: 2039 daAuts
 Snake:4: 1743 daAuts
    D:15: 1723 daAuts
  Bailey: 1576 daAuts
Depths:3: 1521 daAuts
  Lair:3: 1498 daAuts
    D:10: 1486 daAuts
     D:8: 1410 daAuts
 Snake:1: 1366 daAuts
  Lair:2: 1293 daAuts
Depths:4: 1282 daAuts
Depths:1: 1219 daAuts
  Lair:4: 1188 daAuts
  Lair:1: 1145 daAuts
